Map: Kairos Junction LE

Players

MaSa

  • Race: Terran Terran
  • League: Master
  • Spawn Location: 5:00

Astrea - Winner!

  • Race: Protoss Protoss
  • League: Grandmaster
  • Spawn Location: 11:00

Event: 2019 WCS Winter Americas

VOD

Have the link to the VOD?

Description

Time

  • Played on: Feb. 8, 2019, 1:09 p.m.
  • Length: 9:20

All games in this series

Show
View Real Time Build Order
Export as new Build Order

MaSa Terran 

Build Orders:  

Get SALT Encoding   

  12  0:00  SCV  
  13  0:12  SCV  
  14  0:18  Supply Depot  
  14  0:24  SCV  
  15  0:39  SCV, Barracks  
  16  0:46  Refinery  
  16  0:51  SCV  
  16  0:55  Refinery  
  17  1:03  SCV  
  18  1:15  SCV, Barracks  
  19  1:28  SCV  
  20  1:40  SCV  
  21  1:48  Command Center  
  21  1:53  SCV  
  22  1:54  Supply Depot  
  22  2:02  Reaper  
  22  2:07  Orbital Command  
  23  2:17  Factory  
  23  2:22  Refinery  
  23  2:33  SCV  
  23  2:34  Barracks Reactor  
  24  2:45  SCV  
  25  2:57  SCV  
  26  2:59  Orbital Command  
  26  3:04  Factory Tech Lab  
  26  3:05  Starport  
  25  3:09  SCV  
  25  3:11  Marine x2  
  28  3:21  SCV  
  28  3:22  Orbital Command  
  29  3:28  Marine  
  29  3:29  Marine  
  29  3:31  Factory Tech Lab  
  29  3:33  SCV  
  32  3:45  SCV  
  32  3:46  Marine x2  
  35  3:50  SCV, Raven  
  35  3:51  Refinery  
  36  3:57  SCV, Cyclone  
  36  4:02  SCV  
  40  4:03  Barracks  
  40  4:04  Marine  
  40  4:05  Barracks  
  40  4:09  SCV  
  40  4:14  SCV  
  41  4:18  Marine  
  41  4:21  SCV  
  41  4:22  Marine  
  44  4:26  SCV  
  44  4:30  Siege Tank  
  46  4:33  Supply Depot  
  46  4:44  SCV  
  46  4:50  SCV  
  46  4:53  Starport Reactor  
  46  4:56  SCV  
  46  4:57  Supply Depot  
  46  4:59  Engineering Bay, Marine x2, Barracks Tech Lab  
  48  5:01  Stimpack  
  48  5:02  Marine  
  48  5:03  SCV  
  48  5:08  SCV  
  45  5:15  SCV  
  45  5:17  Marine x3  
  45  5:20  SCV, Marine  
  51  5:23  Siege Tank  
  51  5:27  SCV, Combat Shield  
  55  5:32  SCV  
  55  5:34  Marine  
  55  5:35  Marine  
  58  5:37  Terran Infantry Weapons Level 1  
  58  5:39  Supply Depot  
  58  5:40  Marine x2  
  60  5:46  SCV x2  
  62  5:50  Starport Reactor  
  62  5:53  Barracks, Refinery  
  62  5:59  Barracks  
  62  6:01  Marine  
  62  6:02  Marine  
  62  6:03  SCV  
  65  6:06  SCV  
  65  6:09  Supply Depot  
  65  6:10  Factory Reactor  
  66  6:12  Marine  
  66  6:14  Supply Depot  
  66  6:15  SCV  
  66  6:16  Marine  
  69  6:20  Marine  
  70  6:30  SCV x2, Marine  
  70  6:31  Marauder  
  75  6:34  Marauder  
  75  6:35  Medivac  
  75  6:36  Supply Depot  
  75  6:38  Supply Depot  
  79  6:41  Medivac  
  79  6:46  Marine  
  80  6:47  Marine  
  80  6:50  Widow Mine  
  80  6:52  Marauder  
  86  6:55  Concussive Shells  
  86  6:58  Marauder, Widow Mine  
  86  7:01  Supply Depot x2  
  90  7:02  Marine  
  90  7:05  Medivac  
  93  7:09  Marine  
  93  7:10  Marine  
  93  7:11  Medivac  
  93  7:15  Marauder  
  99  7:16  Marauder  
  99  7:21  Marine  
  104  7:23  Marauder  
  104  7:25  Supply Depot  
  104  7:27  Supply Depot  
  104  7:36  Marine  
  104  7:37  Marauder, Marine  
  107  7:40  Marauder, Marine x2  
  110  7:45  Marauder  
  110  7:48  SCV  
  106  7:54  Marine x2  
  106  7:57  SCV  
  106  7:58  Marine  
  105  8:00  Marauder  
  105  8:04  Marine  
  103  8:06  SCV  
  103  8:11  Marine  
  105  8:13  SCV  
  105  8:16  Widow Mine  
  95  8:28  Marine  
  95  8:29  Marauder  
  95  8:30  Medivac  
  89  8:37  Marine  
  64  8:44  Marauder  
  48  8:51  Marine  
  48  8:53  SCV  
  48  8:56  Marine  
Show
View Real Time Build Order
Export as new Build Order

Astrea Protoss - Winner!

Build Orders: 1 Gate Expand 

Get SALT Encoding   

  12  0:00  Probe  
  13  0:13  Probe  
  14  0:18  Pylon  
  14  0:24  Probe  
  15  0:32  Probe  
  15  0:37  Gateway  
  15  0:40  Probe  
  16  0:49  Assimilator  
  17  0:51  Probe  
  18  1:03  Probe  
  19  1:15  Probe  
  20  1:22  Nexus  
  20  1:31  Cybernetics Core  
  20  1:35  Probe  
  21  1:41  Assimilator  
  21  1:47  Probe  
  21  1:53  Pylon  
  22  1:59  Probe  
  23  2:03  Stalker  
  23  2:10  Warp Gate  
  23  2:11  Probe  
  26  2:23  Stalker, Probe  
  27  2:34  Probe  
  27  2:36  Probe  
  31  2:38  Shield Battery  
  31  2:46  Probe  
  31  2:48  Probe  
  33  2:51  Sentry  
  34  2:58  Probe  
  34  3:00  Probe  
  36  3:06  Robotics Facility  
  36  3:10  Probe  
  36  3:12  Probe  
  38  3:16  Gateway  
  38  3:18  Gateway  
  38  3:19  Probe  
  38  3:22  Probe  
  40  3:28  Probe, Pylon  
  40  3:30  Probe  
  41  3:37  Probe  
  43  3:45  Probe  
  44  3:50  Probe  
  44  3:53  Pylon  
  45  3:57  Probe  
  45  4:02  Probe  
  47  4:04  Observer  
  47  4:09  Probe  
  49  4:11  Stalker x2, Assimilator  
  49  4:14  Probe  
  49  4:16  Stalker, Assimilator  
  56  4:20  Forge  
  56  4:21  Twilight Council, Probe  
  57  4:26  Probe  
  58  4:33  Probe  
  57  4:38  Protoss Ground Armor Level 1  
  57  4:39  Probe  
  58  4:45  Probe  
  58  4:48  Charge  
  59  4:52  Stalker  
  59  4:58  Pylon  
  59  4:59  Pylon  
  61  5:00  Pylon  
  61  5:03  Pylon  
  61  5:04  Immortal  
  59  5:19  Templar Archives  
  59  5:20  Gateway  
  59  5:21  Gateway  
  59  5:23  Gateway  
  59  5:25  Gateway  
  59  5:28  Gateway  
  59  5:33  Probe x2  
  60  5:37  Warp Prism  
  60  5:41  Sentry  
  62  5:42  Sentry  
  62  5:43  Zealot  
  62  5:44  Pylon  
  68  5:58  Nexus  
  68  6:00  Psionic Storm  
  68  6:05  High Templar  
  68  6:06  Zealot  
  72  6:12  Zealot  
  72  6:15  Protoss Ground Weapons Level 1, Probe x2  
  72  6:17  Pylon  
  76  6:21  High Templar  
  76  6:22  Zealot  
  76  6:23  Zealot  
  82  6:28  Probe  
  82  6:29  Probe, Pylon  
  82  6:31  High Templar  
  86  6:37  Zealot x2  
  90  6:49  Zealot x2  
  90  6:54  Blink  
  94  6:55  Zealot x3  
  94  6:57  Probe x2  
  102  7:05  Zealot x2  
  106  7:12  High Templar  
  108  7:16  Immortal  
  108  7:20  Forge  
  108  7:22  Probe x2  
  114  7:25  Probe  
  114  7:28  Zealot  
  115  7:39  Zealot x5  
  115  7:40  Zealot  
  116  7:58  Zealot x3  
  116  7:59  Zealot x5  
  106  8:41  Zealot x8  
  86  8:45  Archon  
  82  8:51  Probe x2  
  74  9:15  Zealot x6  
Tags
 
Add a new tag
Caveats
  • Supply blocks, unpowered buildings, or Contaminate may cause inaccurate times.
  • Supply counts are checked every 10 seconds.